 Dungeon Sprint DCSS version 0.21.1-1-g345015f (webtiles) character file.

1442 Fang the Cleaver (level 8, -13/85 (86) HPs)
             Began as a Minotaur Berserker on Apr 19, 2018.
             Was an Elder of Trog.
             Mangled by a tyrant leech (24 damage)
             ... in the Dungeon (Sprint II: "The Violet Keep of Menkaure").
             The game lasted 00:01:45 (718 turns).

Fang the Cleaver (Minotaur Berserker)                Turns: 718, Time: 00:01:45

HP:   -13/85 (86)   AC:  1    Str: 19    XL:     8   Next: 46%
MP:   7/7           EV: 15    Int:  2    God:    Trog [****..]
Gold: 486           SH:  0    Dex: 11    Spells: 7/7 levels left

rFire    . . .     SeeInvis .   a - +0 hand axe
rCold    . . .     Gourm    .   (no shield)
rNeg     . . .     Faith    .   b - +0 animal skin
rPois    .         Spirit   .   (helmet restricted)
rElec    .         Reflect  .   (no cloak)
rCorr    .         Harm     .   (no gloves)
MR       .....     NoTele   +   (no boots)
Stlth    +.........             (no amulet)
HPRegen  0.24/turn              (no ring)
MPRegen  0.10/turn              (no ring)

@: no status effects
A: retaliatory headbutt, horns 2, deformed body, dopey 1, weak 2
a: Berserk, Trog's Hand, Brothers in Arms, Burn Spellbooks, Renounce Religion


You were in the Dungeon.
You worshipped Trog.
Trog was greatly pleased with you.
You were not hungry.

You visited 1 branch You collected 486 gold pieces.

Inventory:

Hand Weapons
 a - a +0 hand axe (weapon)
Armour
 b - a +0 animal skin (worn)
Scrolls
 i - a scroll of blinking
Potions
 d - a potion of curing
 e - a potion of heal wounds
 f - a potion of haste
 g - 2 potions of magic
 h - a potion of berserk rage
Comestibles
 c - a ration


   Skills:
 + Level 13.2 Fighting
 + Level 14.9 Axes
 + Level 7.8 Armour
 + Level 6.9 Dodging
 + Level 0.1 Stealth


You had 7 spell levels left.
You didn't know any spells.

Dungeon Overview and Level Annotations

Branches:
Dungeon (1/1)

Altars:

Shops:
D [*:%}%=?(![=!=?:

Annotations:
D exclusion: oklob plant


Innate Abilities, Weirdness & Mutations

You reflexively headbutt those who attack you in melee.
You have a pair of horns on your head.
Armour fits poorly on your strangely shaped body.
You are dopey. (Int -2)
You are very weak. (Str -4)


Message History

You are too injured to fight recklessly!
Unknown command.
You are too injured to fight recklessly!
You feel a bit more experienced. The tyrant leech bites you!
* * * LOW HITPOINT WARNING * * *
The tyrant leech draws strength from your injuries!
Found 20 stones and 29 gold pieces.
Found three shops.
You miss the tyrant leech.
Unknown command.
You barely miss the tyrant leech. The tyrant leech bites you!
* * * LOW HITPOINT WARNING * * *
The tyrant leech draws strength from your injuries!
Unknown command.
You hit the tyrant leech. You headbutt the tyrant leech!
The tyrant leech is lightly wounded.
Unknown command.
You closely miss the tyrant leech. Your headbutt misses the tyrant leech.
The tyrant leech is lightly wounded.
The tyrant leech bites you!!
You die...

#########≈≈≈≈≈§
.......∩#≈≈≈≈.#
∩.....∩.#≈≈≈≈# ##
.∩...∩.∩#≈≈≈≈ #.#
∩.∩.∩.∩.#≈≈### ##.# ##
.∩.∩.∩..#≈##.###+###.##
..∩.∩..w#≈#...##.##...#
...⌠...@'≈'###'.<.+)#
........#≈#...##.##...#
▓▓▓▓▓▓###≈##.###÷###.##
(hh######≈≈####.÷.# ##
$.l ##≈≈≈#..#..# ∩P
'#≈##. .## $ !#≈≈## ##
## ≈≈


'F You could see a tyrant leech, an oklob plant, 2 black bears and a wyvern.

Vanquished Creatures
  A merfolk siren (D)
  A tyrant leech (D)
  3 neqoxecs (D)
  Menkaure (D)
  4 necrophages (D)
10 creatures vanquished.

Vanquished Creatures (others)
  A blink frog (D)
  A neqoxec (D)
  A crocodile (D)
3 creatures vanquished.

Grand Total: 13 creatures vanquished

Notes
Turn   | Place    | Note
-------+----------+-------------------------------------------
     0 | D        | Fang the Minotaur Berserker began the quest for the Orb.
     0 | D        | Reached XP level 1. HP: 19/19 MP: 0/0
     1 | D        | Noticed a necrophage
     1 | D        | Noticed a necrophage
     1 | D        | Noticed a necrophage
     1 | D        | Noticed a necrophage
     6 | D        | Killed a necrophage
     6 | D        | Reached skill level 7 in Axes
     6 | D        | Reached XP level 2. HP: 24/34 MP: 1/1
     6 | D        | Reached XP level 3. HP: 27/39 MP: 2/2
     6 | D        | Reached XP level 4. HP: 33/47 MP: 3/3
     8 | D        | Killed a necrophage
     8 | D        | Reached skill level 9 in Axes
     8 | D        | Reached XP level 5. HP: 40/56 MP: 4/4
    16 | D        | Killed a necrophage
    16 | D        | Reached ** piety under Trog
    16 | D        | Reached skill level 10 in Axes
    16 | D        | Reached skill level 5 in Armour
    22 | D        | Killed a necrophage
    22 | D        | Reached skill level 10 in Fighting
    22 | D        | Reached skill level 11 in Axes
    22 | D        | Reached skill level 5 in Dodging
    22 | D        | Reached XP level 6. HP: 42/65 MP: 5/5
   192 | D        | Noticed a neqoxec
   192 | D        | Gained mutation: You are weak. (Str -2) [a neqoxec]
   196 | D        | Noticed a merfolk siren
   197 | D        | Gained mutation: You are very weak. (Str -4) [a neqoxec]
   198 | D        | Gained mutation: You are dopey. (Int -2) [a neqoxec]
   202 | D        | Killed a neqoxec
   202 | D        | Reached skill level 12 in Axes
   207 | D        | Killed a merfolk siren
   207 | D        | Reached *** piety under Trog
   207 | D        | Reached skill level 13 in Axes
   207 | D        | Reached XP level 7. HP: 76/76 MP: 6/6
   220 | D        | Noticed a neqoxec
   227 | D        | Killed a neqoxec
   322 | D        | Noticed a neqoxec
   328 | D        | Noticed a tyrant leech
   334 | D        | Gained mutation: Armour fits poorly on your strangely shaped body. [a neqoxec]
   336 | D        | Killed a neqoxec
   336 | D        | Reached skill level 14 in Axes
   336 | D        | Reached XP level 8. HP: 81/84 MP: 7/7
   347 | D        | Killed a tyrant leech
   347 | D        | Reached **** piety under Trog
   461 | D        | Noticed Menkaure
   472 | D        | Killed Menkaure
   473 | D        | Found Xopsyr Rerpho's Distillery.
   473 | D        | Found Bojaes's Jewellery Emporium.
   473 | D        | Found Gunaw's Magic Scroll Shoppe.
   473 | D        | Found Jaostie's Jewellery Emporium.
   473 | D        | Found Awkecet's Antique Weapon Shoppe.
   473 | D        | Found Ecaet's Book Emporium.
   473 | D        | Found Sucw's Antique Armour Shoppe.
   473 | D        | Found Dipt's Distillery.
   473 | D        | Found Libeig's Magic Scroll Shoppe.
   576 | D        | Noticed a tyrant leech
   700 | D        | Found Xaoxixis's Jewellery Shoppe.
   700 | D        | Found Nevesing's Food Emporium.
   700 | D        | Noticed a blink frog
   703 | D        | Found Xuaxte's Gadget Emporium.
   703 | D        | Found Hyakhlaehi's Food Shoppe.
   703 | D        | Noticed an oklob plant
   714 | D        | Found Muduwk's Assorted Antiques.
   714 | D        | Found Ceyzeud's Book Shoppe.
   714 | D        | Found Japaent's Antique Armour Emporium.
   714 | D        | Killed a blink frog
   718 | D        | Mangled by a tyrant leech

Skill      XL: |  1  2  3  4  5  6  7  8 |
---------------+-------------------------+-----
Fighting       | 7 8 10 12 13 | 13.2
Axes           | 7 9 11 13 14 | 14.9
Armour         | 4 5 7 |  7.8
Dodging        | 3 4 5 6 |  6.9
Stealth        | |  0.1

Action                   |  1- 3 |  4- 6 |  7- 9 || total
-------------------------+-------+-------+-------++-------
Melee: Hand axe          |     3 |    23 |    49 ||    75
       Headbutt          |     1 |     7 |    11 ||    19
Invok: Berserk           |     1 |     1 |     2 ||     4
  Eat: Chunk             |       |       |     3 ||     3
Armor: Animal skin       |       |       |     1 ||     1
Dodge: Dodged            |       |     9 |    16 ||    25
